Unix NetHack Version 5.0.0-0 post-release - last build May  4 2026 22:22:43 (774f63e81ad911689b3a0859ea89b322d5daca8d,branch:main).

Game began 2026-05-06 10:25:06, ended 2026-05-06 11:11:20.

2460080212, lawful female human Valkyrie

             ------
      --------..|.----
      |............|.---
     --.-----).........|
    --..| ---........<.---
    |..-- |.....---...........
    |.--  |.....| ------@--   ..|
   --.|   ---..-       |.i--
   |..--    ----       --d...
   --..---              --G.-
    |)...--               | .-
    --....|                -..
     --..--                 -
   ---|..--
   |.--...|
   --....>|
    |.....--
    |......|
    ---....|
      |..---
      ----
2460080212 the Skirmisher   St:16 Dx:16 Co:18 In:7 Wi:9 Ch:8  Lawful
Dlvl:5  $:35 HP:0(54) Pw:13(13) AC:6  Xp:5 T:2577 

Latest messages:
 You kill the gecko!
 You see here a dart.
 A little dart shoots out at you!
 You are hit by a little dart.
 You kill the homunculus!
 You are beginning to feel hungry.
 You are almost hit by a dart.
 You hit the gnome!
 The gnome hits!
 You kill the gnome!
 You stop.  The dwarf is in the way!
 You stop.  The dwarf is in the way!
 You swap places with the peaceful dwarf.
 You hear a chugging sound.
 Valkyrie needs food, badly!
 What do you want to eat? [d or ?*] d
 This food really hits the spot!
 You stop eating the food ration.
 You hit the gnome lord!
 The gnome lord swings his aklys.
 The gnome lord hits!
 You kill the gnome lord!
 You miss Slasher.
 Slasher bites!
 You miss Slasher.
 The homunculus bites!
 You are put to sleep by the homunculus!
 Slasher bites!
 You dream that you see a candle getting short.
 The homunculus bites!
 Slasher bites!
 The homunculus bites!
 Slasher bites!
 Slasher bites!
 The combat suddenly awakens you.
 Slasher bites!
 The homunculus bites!
 The gnome picks up an aklys.
 Slasher bites!
 The gnome wields an aklys!
 The gnome secures the tether on the aklys.
 Slasher bites!
 The homunculus bites!
 You are put to sleep by the homunculus!
 You die...
 Do you want your possessions identified? [ynq] (y) y
 Do you want to see your attributes? [ynq] (y) n
 Do you want an account of creatures vanquished? [ynaq] (y) n
 Do you want to see your conduct and achievements? [ynq] (y) n
 Do you want to see the dungeon overview? [ynq] (y) n

Inventory:
 Coins    ('$')
  $ - 35 gold pieces
 Weapons  (')')
  o - 5 +0 crossbow bolts
  p - a +0 crossbow
  i - 6 cursed -1 shuriken
  b - a +0 dagger (alternate weapon; not wielded)
  a - a +1 spear (weapon in right hand)
  m - a +0 scimitar
 Armor    ('[')
  c - an uncursed +3 small shield (being worn)
 Comestibles  ('%')
  d - an uncursed partly eaten food ration
 Scrolls  ('?')
  l - an uncursed scroll of teleportation
 Potions  ('!')
  g - an uncursed potion of booze
  h - an uncursed potion of speed
 Rings    ('=')
  e - an uncursed +0 ring of adornment
  t - a cursed ring of polymorph

2460080212 the Valkyrie's attributes:

Background:
 You were a Skirmisher, a level 5 human Valkyrie.
 You were lawful, nominally on a mission for Tyr
 who was opposed by Odin (neutral) and Loki (chaotic).
 You were right-handed.
 You were in the Gnomish Mines, on level 5.
 You entered the dungeon 2577 turns ago.
 You had 309 experience points, 11 more were needed to attain level 6.

Basics:
 You had 0 out of 54 hit points.
 You had all 13 energy points (spell power).
 Your armor class was 6.
 Your wallet contained 35 zorkmids.
 Autopickup was off.

Final Characteristics:
 Your strength was 16 (peak:17, limit:18/100).
 Your dexterity was 16 (limit:18).
 Your constitution was 18 (limit:18).
 Your intelligence was 7 (limit:18).
 Your wisdom was 9 (limit:18).
 Your charisma was 8 (limit:18).

Final Status:
 You weren't hungry.
 You were unencumbered.
 You were wielding a spear.
 You were skilled in spear.

Final Attributes:
 You were piously aligned.
 You were cold resistant.
 You were stealthy.
 You are dead.

Miscellaneous:
 You encountered 1 bones level.
 Total elapsed playing time was 40 minutes and 31 seconds.

Major events:
 Turn
    1: 2460080212 the lawful human Valkyrie entered the dungeon
  806: entered the Gnomish Mines
  965: attained the rank of Skirmisher (level 3)
 2577: killed by a homunculus, while sleeping

You didn't know any spells.

Skills:
 Fighting Skills
   bare handed combat [Unskilled]
   two weapon combat  [Unskilled]
   riding             [Unskilled]
 Weapon Skills
   dagger             [Basic]
   axe                [Unskilled]
   pick-axe           [Unskilled]
   short sword        [Unskilled]
   broadsword         [Unskilled]
   long sword         [Unskilled]
   two-handed sword   [Unskilled]
   saber              [Unskilled]
   hammer             [Unskilled]
   quarterstaff       [Unskilled]
   polearms           [Unskilled]
   spear              [Skilled]
   trident            [Unskilled]
   lance              [Unskilled]
   sling              [Unskilled]
 Spellcasting Skills
   attack spells      [Unskilled]
   escape spells      [Unskilled]

Voluntary challenges:
 Character rerolling was not enabled.
 You were an atheist.
 You were illiterate.
 You never genocided any monsters.
 You never polymorphed an object.
 You never changed form.
 You used no wishes.
Achievements:
 You entered a shop.
 You entered the Gnomish Mines.
 You attained the rank of Skirmisher.

 The Dungeons of Doom: levels 1 to 2
    Level 1:
    Level 2:
       A general store, many altars.
       Stairs down to The Gnomish Mines.
 The Gnomish Mines: levels 3 to 5
    Level 3:
    Level 4:
    Level 5: <- You were here.
       A grave.
       Final resting place for
          you, killed by a homunculus, while sleeping,
          Perugi-Cav-Hum-Mal-Neu, killed by a dart.


Vanquished creatures:
  5 gnome leaders
  2 homunculi
  a kobold leader
  a centipede
  a giant bat
  4 coyotes
  2 manes
  a large kobold
  a hobgoblin
 18 gnomes
  a gnome zombie
  4 geckos
  2 jackals
  a kobold
  3 goblins
  3 grid bugs
  5 bats
  2 lichens
  5 newts
62 creatures vanquished.

No species were genocided or became extinct.

Game over:
                       ----------
                      /          \
                     /    REST    \
                    /      IN      \
                   /     PEACE      \
                  /                  \
                  |    2460080212    |
                  |      35 Au       |
                  |   killed by a    |
                  |    homunculus    |
                  |                  |
                  |                  |
                  |       2026       |
                 *|     *  *  *      | *
        _________)/\\_//(\/(/\)/\//\/|_)_______

Farvel 2460080212 the Valkyrie...

You died in The Gnomish Mines on dungeon level 5 with 1468 points,
and 35 pieces of gold, after 2577 moves.
You were level 5 with a maximum of 54 hit points when you died.

